 Dungeon Crawl Stone Soup version 0.27.1-37-g7b29ead8ac (console) character file.

Game seed: 15932306074362638630

169378 grimtooth the Devastator (level 16, -7/135 HPs)
             Began as a Demigod Fire Elementalist on Mar 26, 2023.
             Mangled by a wolf spider (12 damage)
             ... led by a torpor snail
             ... on level 4 of the Spider Nest on Mar 27, 2023.
             The game lasted 03:22:22 (41911 turns).

grimtooth the Devastator (DgFE)                    Turns: 41911, Time: 03:22:23

Health: -7/135     AC: 11    Str: 13    XL:     16   Next: 80%
Magic:  28/46      EV: 14    Int: 33    God:
Gold:   1828       SH:  5    Dex: 14    Spells: 8/39 levels left

rFire    . . .     SeeInvis .   a - staff of conjuration
rCold    . . .     Faith    .   h - +0 buckler
rNeg     . . .     Spirit   .   Z - +2 leather armour {rPois}
rPois    +         Reflect  .   U - +2 hat {Will+}
rElec    .         Harm     .   w - +0 cloak
rCorr    .         Rampage  .   x - +1 pair of gloves
Will     ++...                  (no boots)
Stlth    ++........             q - amulet of regeneration
HPRegen  1.32/turn              t - +4 ring of protection
MPRegen  0.30/turn              r - ring of magical power

@: corroded, very slightly contaminated, invisible
A: high mp 1, forlorn
a: no special abilities


You were on level 4 of the Spider Nest.
You visited 4 branches of the dungeon, and saw 27 of its levels.

You collected 2150 gold pieces.
You spent 322 gold pieces at shops.

Inventory:

Hand Weapons
 b - the +10 falchion of Terror {vorpal, rF+ Str+4}
   (You found it on level 1 of the Lair of Beasts)

   It inflicts extra damage upon your enemies.
   Str:       It affects your strength (+4).
   rF:        It protects you from fire.
Missiles
 j - 150 poisoned darts (quivered)
 v - 4 throwing nets {=f}
 J - 5 atropa-tipped darts
 K - 10 javelins
Armour
 h - a +0 buckler (worn)
 w - a +0 cloak (worn)
 x - a +1 pair of gloves (worn)
 U - a +2 hat of willpower (worn)
 Z - a +2 leather armour of poison resistance (worn)
Magical Staves
 a - a staff of conjuration (weapon)
Jewellery
 g - a ring of protection from fire
 k - a ring of see invisible
 m - a +4 ring of evasion
 o - a ring of resist corrosion
 q - an amulet of regeneration (around neck)
 r - a ring of magical power (right hand)
 t - a +4 ring of protection (left hand)
 A - the ring of Vickott {Fly rC+ Int+4}
   (You acquired it on level 13 of the Dungeon)

   [ring of flight]

   Int:       It affects your intelligence (+4).
   rC:        It protects you from cold.
   Fly:       It grants you flight.
Wands
 d - a wand of polymorph (24)
 i - a wand of digging (9)
 y - a wand of flame (70)
 F - a wand of paralysis (26)
 L - a wand of charming (10)
 S - a wand of iceblast (2)
Scrolls
 c - a scroll of holy word
 e - a scroll of silence
 n - 5 scrolls of enchant armour {unknown}
 p - a scroll of fear
 B - 3 scrolls of vulnerability {unknown}
 C - 2 scrolls of magic mapping
 E - a scroll of fog {unknown}
 N - 2 scrolls of brand weapon {unknown}
 R - 4 scrolls of teleportation
 T - 3 scrolls of immolation {unknown}
 Y - a scroll of summoning {unknown}
Potions
 f - 3 potions of might
 l - 3 potions of brilliance
 s - a potion of curing
 u - a potion of invisibility
 z - 2 potions of resistance {unknown}
 D - 2 potions of magic
 G - 4 potions of flight
 P - a potion of haste
 V - 4 potions of heal wounds
Miscellaneous
 H - a tin of tremorstones (2/2)
 I - a condenser vane (inert)
 W - a phantom mirror


   Skills:
 + Level 10.4 Fighting
 - Level 6.0 Staves
 - Level 6.0 Armour
 - Level 6.0 Dodging
 - Level 1.7 Stealth
 - Level 6.0 Shields
 - Level 12.0 Spellcasting
 - Level 15.0 Conjurations
 - Level 12.0 Fire Magic
 - Level 6.0 Air Magic
 + Level 5.3 Earth Magic
 - Level 6.0 Evocations


You had 8 spell levels left.
You knew the following spells:

 Your Spells              Type           Power      Damage    Failure   Level
a - Foxfire               Conj/Fire      100%       2x1d9     0%          1
b - Conjure Flame         Conj/Fire      100%       6-21      1%          3
c - Mephitic Cloud        Conj/Pois/Air  78%        N/A       1%          3
d - Sticky Flame          Conj/Fire      100%       2d11      1%          4
f - Fireball              Conj/Fire      52%        3d20      1%          5
g - Bolt of Magma         Conj/Fire/Erth 47%        4d19      1%          5
s - Swiftness             Air            56%        N/A       1%          3
x - Orb of Destruction    Conj           54%        9d16      4%          7

Your spell library contained the following spells:

 Spells                   Type           Power      Damage    Failure   Level
 Magic Dart               Conj           100%       1d8       0%          1
 Shock                    Conj/Air       100%       1d9       1%          1
 Static Discharge         Conj/Air       93%        N/A       1%          2
 Inner Flame              Hex/Fire       56%        N/A       1%          3
 Stone Arrow              Conj/Erth      100%       3d13      1%          3
 Fulminant Prism          Conj/Hex       40%        3d20      1%          4
 Hailstorm                Conj/Ice       81%        3d16      1%          4
 Iskenderun's Mystic Bla  Conj/Tloc      81%        2d16      1%          4
 Lightning Bolt           Conj/Air       46%        1d66      1%          5
 Animate Skeleton         Necr           38%        N/A       2%          1
 Apportation              Tloc           38%        N/A       2%          1
 Corona                   Hex            21%        N/A       2%          1
 Freeze                   Ice            76%        1d9       2%          1
 Summon Small Mammal      Summ           76%        N/A       2%          1
 Airstrike                Air            28%        N/A       2%          4
 Irradiate                Conj/Tmut      40%        3d27      3%          5
 Call Imp                 Summ           19%        N/A       4%          2
 Ensorcelled Hibernation  Hex/Ice        38%        N/A       4%          2
 Slow                     Hex            19%        N/A       4%          2
 Call Canine Familiar     Summ           19%        N/A       9%          3
 Confusing Touch          Hex            19%        N/A       9%          3
 Frozen Ramparts          Ice            38%        1d5       9%          3
 Portal Projectile        Hex/Tloc       38%        N/A       9%          3
 Spider Form              Tmut/Pois      9%         N/A       9%          3
 Summon Guardian Golem    Hex/Summ       19%        N/A       9%          3
 Vampiric Draining        Necr           9%         2d7       9%          3
 Lee's Rapid Deconstruct  Erth           26%        3d15*     9%          5
 Leda's Liquefaction      Hex/Erth       18%        N/A       10%         4
 Ice Form                 Ice/Tmut       19%        N/A       28%         4
 Summon Ice Beast         Ice/Summ       19%        N/A       28%         4
 Blade Hands              Tmut           9%         N/A       61%         5
 Summon Mana Viper        Hex/Summ       19%        N/A       61%         5
 Spellforged Servitor     Conj/Summ      40%        N/A       73%         7
 Shadow Creatures         Summ           N/A        N/A       99%         6
 Simulacrum               Ice/Necr       9%         N/A       99%         6
 Dragon Form              Tmut           9%         N/A       100%        7
 Monstrous Menagerie      Summ           9%         N/A       100%        7
 Maxwell's Capacitive Co  Air            28%        ∞         100%        8
 Shatter                  Erth           26%        3d22*     100%        9


Dungeon Overview and Level Annotations

Branches:
Dungeon (15/15)            Temple (0/1) D:6            Lair (6/6) D:8
 Shoals (0/4) Lair:3       Spider (4/4) Lair:2        Slime (0/5) Lair:5
    Orc (2/2) D:9             Elf (0/3) Orc:2        Vaults (0/5) D:13
 Depths (0/5) D:15

Shops:
D:4 !   D:9 *   Orc:2 [*=(

Annotations:
D:11 water
Lair:2 3 runed translucent doors, Huxoxzufuz's ghost, journeyman GnFi
Lair:5 1 runed translucent door


Innate Abilities, Weirdness & Mutations

Your attributes grow dramatically as you level up.
You have an increased reservoir of magic. (+10% MP)
You shall have no god before yourself.


Message History

The wolf spider is engulfed in noxious fumes.
The redback is engulfed in noxious fumes.
The redback appears confused.
The entropy weaver hits the demonic crawler!
The entropy weaver hits the demonic crawler.
The entropy weaver barely misses the demonic crawler.
The entropy weaver hits the demonic crawler!
The wolf spider hits you!
The wolf spider bites you but does no damage.
The entropy weaver burns!
The redback bites the wolf spider!
The spark wasp stings you!! The spark wasp shocks you!
The hornet is engulfed in noxious fumes.
The redback bites the entropy weaver!
The entropy weaver is killed!
The spark wasp stings you!! The spark wasp shocks you!
* * * LOW HITPOINT WARNING * * *
There is a stone staircase leading up, spattered with blood here.
Aiming: Paralyse
Press: ? - help, Shift-Dir - straight line, f - spark wasp
Aim: a spark wasp (chance to affect: 47%)
Okay, then.
Press: ? - help, v - describe, . - travel
Here: a spark wasp The floor.
You fade into invisibility!
The wolf spider closely misses you.
The wolf spider bites you but does no damage.
The spark wasp barely misses you. The wolf spider misses you.
The wolf spider bites you!
* * * LOW HITPOINT WARNING * * *
You are very lightly contaminated with residual magic.
The spark wasp stings you!
* * * LOW HITPOINT WARNING * * *
The spark wasp shocks you!
* * * LOW HITPOINT WARNING * * *
The demonic crawler hits you but does no damage.
The demonic crawler misses you. The demonic crawler hits you!
* * * LOW HITPOINT WARNING * * *
The wolf spider hits you!
You die...

.^ ...##. ..
.#s#... #.. .
#....#.
#..#.^ #.....
.#..#
#^...###...#
#...#$†s##
..# #.s...^#
#...#ss#y#..#
... #.^s@#..
....!..###
#y. ##^....#
.. ####.## .
##


You could see a spark wasp, 2 demonic crawlers, a wolf spider and 3 redbacks.

Vanquished Creatures
  Gastronok (Lair:3)
  2 ghost moths
  An orc warlord (Orc:2)
  8 emperor scorpions
  A stone giant (D:15)
  3 entropy weavers
  Azrael (Spider:1)
  An ettin (D:14)
  A deep elf high priest (D:14)
  A great orb of eyes (shapeshifter) (D:14)
  14 hydras
  A rakshasa (D:14)
  3 vault guards (D:13)
  3 boulder beetles
  5 centaur warriors
  2 catoblepae
  14 two-headed ogres
  3 tengu warriors
  4 death yaks
  An orc high priest (Orc:2)
  Nergalle (Orc:2)
  A hell knight (D:15)
  2 skeletal warriors (D:14)
  A deep troll (D:15)
  A deep elf pyromancer (D:14)
  3 orc knights (Orc:2)
  A necromancer (D:15)
  A wizard (D:11)
  16 orb spiders
  17 ugly things
  6 manticores
  A faun (shapeshifter) (D:14)
  24 wolf spiders
  A wolf spider (shapeshifter) (D:13)
  3 orc sorcerers
  3 oklob plants (Lair:3)
  A moth of wrath (Spider:1)
  A guardian serpent (Lair:6)
  A merfolk siren (Lair:3)
  Maurice (Orc:2)
  5 cyclopes
  A guardian serpent (shapeshifter) (D:14)
  5 black mambas
  A torpor snail (Lair:4)
  17 cane toads
  2 freezing wraiths (D:15)
  2 rime drakes
  An efreet (D:14)
  3 yaktaurs (D:14)
  2 tengu conjurers (D:15)
  8 komodo dragons
  10 demonic crawlers
  41 jumping spiders
  10 trolls
  A meliai (D:14)
  A polar bear (shapeshifter) (D:14)
  21 dream sheep
  6 hornets
  28 blink frogs
  Prince Ribbit (Lair:2)
  2 slime creatures
  A spriggan (shapeshifter) (D:14)
  68 redbacks
  29 tarantellas
  A vampire (D:11)
  2 fire elementals (Spider:1)
  4 wraiths
  13 wyverns
  6 basilisks
  63 yaks
  6 humans (D:13)
  7 vampire mosquitoes
  4 steam dragons
  2 wargs
  4 acid dragons
  2 hell hounds (Spider:1)
  27 water moccasins
  Duvessa (D:3)
  19 orc warriors
  4 black bears
  3 ice beasts
  A necrophage (D:4)
  7 ogres
  2 phantoms
  9 centaurs
  6 kobold brigands
  17 bullfrogs
  3 two-headed ogre simulacra (Orc:2)
  A cane toad simulacrum (Orc:2)
  A water moccasin zombie (D:5)
  28 scorpions
  A water moccasin skeleton (D:4)
  Dowan (D:4)
  6 wights
  2 howler monkeys (D:11)
  2 electric eels
  2 bullfrog zombies
  A centaur zombie (D:8)
  2 jellies
  9 orc priests
  A hound (D:4)
  2 gnoll shamans
  A bullfrog skeleton (D:4)
  3 iguanas (D:4)
  12 orc wizards
  6 hell rats (Lair:4)
  A polar bear simulacrum (Orc:2)
  A spriggan simulacrum (Orc:2)
  A troll simulacrum (Orc:2)
  A wolf simulacrum (Orc:2)
  2 killer bee zombies
  2 howler monkey zombies
  25 gnolls
  2 howler monkey skeletons
  5 adders
  A white imp (D:5)
  2 worms
  4 dart slugs
  23 orcs
  2 endoplasms
  A giant cockroach (D:2)
  9 hobgoblins
  3 quokkas
  6 ball pythons
  6 bats
  A goblin (D:4)
  25 kobolds
  6 rats
  A spectral orc (D:3)
846 creatures vanquished.

Vanquished Creatures (collateral kills)
  Arachne (Spider:2)
  An orb spider (Spider:3)
  2 redbacks
  A scorpion (Spider:2)
  12 foxfires
17 creatures vanquished.

Vanquished Creatures (others)
  2 vault guards (D:13)
  A demonic crawler (Spider:1)
  A redback (Spider:2)
  2 humans
  2 scorpions (Spider:2)
  A gnoll shaman (D:9)
  A gnoll (D:9)
  2 bushes (Lair:6)
  1798 foxfires
  79 fungi
  168 plants
2057 creatures vanquished.

Grand Total: 2920 creatures vanquished

Notes
Turn   | Place    | Note
-------+----------+-------------------------------------------
     0 | D:1      | grimtooth the Demigod Fire Elementalist began the quest for
                  | the Orb.
     0 | D:1      | Reached XP level 1. HP: 14/14 MP: 5/5
   101 | D:1      | Reached skill level 1 in Conjurations
   358 | D:1      | Reached XP level 2. HP: 20/20 MP: 5/7
  1153 | D:2      | Reached skill level 2 in Conjurations
  1379 | D:2      | Reached XP level 3. HP: 26/26 MP: 5/8
  1572 | D:2      | You fall into a shaft and drop 2 floors!
  1588 | D:4      | Noticed a yak
  1589 | D:4      | Noticed a yak
  1589 | D:4      | Noticed a yak
  1656 | D:3      | Noticed an ice beast
  1662 | D:3      | Learned a level 3 spell: Conjure Flame
  1679 | D:3      | Killed an ice beast
  1680 | D:3      | Reached skill level 3 in Conjurations
  1680 | D:3      | Reached XP level 4. HP: 33/33 MP: 0/9
  1877 | D:3      | Reached XP level 5. HP: 38/38 MP: 4/10
  2132 | D:3      | Noticed a human
  2133 | D:3      | Killed a human
  2875 | D:4      | Noticed a yak
  2875 | D:4      | Noticed a yak
  3062 | D:4      | Noticed an ogre
  3067 | D:4      | Killed a yak
  3068 | D:4      | Reached skill level 4 in Conjurations
  3068 | D:4      | Reached skill level 5 in Fire Magic
  3068 | D:4      | Reached XP level 6. HP: 45/45 MP: 0/11
  3072 | D:4      | Killed a yak
  3091 | D:4      | Killed a yak
  3092 | D:4      | Reached skill level 5 in Conjurations
  3092 | D:4      | Reached XP level 7. HP: 31/50 MP: 1/12
  3295 | D:4      | Killed a yak
  3296 | D:4      | Reached skill level 6 in Conjurations
  3299 | D:4      | Killed a yak
  3481 | D:4      | Noticed Dowan
  3481 | D:4      | Noticed Duvessa
  3501 | D:4      | Reached XP level 8. HP: 57/57 MP: 9/17
  3582 | D:4      | Killed Dowan
  3768 | D:3      | Killed Duvessa
  3769 | D:3      | Reached skill level 5 in Spellcasting
  4218 | D:4      | Found Igil Foi's Distillery.
  4228 | D:4      | Bought a potion of curing for 39 gold pieces
  4346 | D:4      | Learned a level 4 spell: Sticky Flame
  4350 | D:4      | Learned a level 3 spell: Mephitic Cloud
  4594 | D:5      | Entered Level 5 of the Dungeon
  5678 | D:5      | Reached skill level 7 in Conjurations
  6400 | D:6      | Reached XP level 9. HP: 62/62 MP: 21/21
  6645 | D:6      | Reached skill level 8 in Conjurations
  6849 | D:6      | Found a staircase to the Ecumenical Temple.
  7671 | D:7      | Reached skill level 9 in Conjurations
  8290 | D:8      | Noticed a death yak
  8291 | D:8      | Noticed a death yak
  8315 | D:8      | Noticed a death yak
  8315 | D:8      | Killed a death yak
  8322 | D:8      | Killed a death yak
  8323 | D:8      | Reached XP level 10. HP: 27/69 MP: 18/26
  8325 | D:8      | Killed a death yak
  8332 | D:8      | Learned a level 5 spell: Fireball
  8434 | D:8      | Reached skill level 1 in Air Magic
  8471 | D:8      | Found a staircase to the Lair.
  9932 | D:9      | Found a staircase to the Orcish Mines.
 10090 | D:9      | Noticed a two-headed ogre
 10104 | D:9      | Killed a two-headed ogre
 10363 | D:9      | Found Vimuniriupn's Demolitions Depot.
 10557 | D:9      | Reached skill level 5 in Air Magic
 10861 | Lair:1   | Entered Level 1 of the Lair of Beasts
 10884 | Lair:1   | Noticed a black mamba
 10890 | Lair:1   | Killed a black mamba
 10899 | Lair:1   | Noticed a six-headed hydra
 10965 | Lair:1   | Learned a level 3 spell: Swiftness
 10971 | Lair:1   | Identified the +10 falchion of Terror {vorpal, rF+ Str+4}
 10999 | Lair:1   | Reached XP level 11. HP: 72/74 MP: 22/28
 11361 | Lair:1   | Killed a six-headed hydra
 12053 | Lair:2   | Noticed a five-headed hydra
 12063 | Lair:2   | Killed a five-headed hydra
 12514 | Lair:2   | Noticed Prince Ribbit
 12522 | Lair:2   | Killed Prince Ribbit
 12818 | Lair:2   | Found a hole to the Spider Nest.
 12859 | Lair:2   | Reached skill level 10 in Conjurations
 12960 | Lair:2   | Noticed a seven-headed hydra
 12969 | Lair:2   | Killed a seven-headed hydra
 12970 | Lair:2   | Reached skill level 10 in Spellcasting
 13396 | Lair:2   | Found a runed translucent gate.
 13396 | Lair:2   | Found a runed translucent gate.
 13396 | Lair:2   | Found a runed translucent gate.
 13397 | Lair:2   | Noticed Huxoxzufuz's ghost (journeyman GnFi)
 13949 | Lair:3   | Reached skill level 11 in Conjurations
 14264 | Lair:3   | Noticed Gastronok
 14326 | Lair:3   | Reached XP level 12. HP: 81/81 MP: 23/30
 15015 | Lair:3   | Found a staircase to the Shoals.
 15389 | Lair:4   | Reached skill level 12 in Conjurations
 15393 | Lair:4   | Reached skill level 1 in Fighting
 16542 | Lair:5   | Noticed a six-headed hydra
 16654 | Lair:4   | Noticed a catoblepas
 16659 | Lair:4   | Killed a catoblepas
 16660 | Lair:4   | Reached skill level 5 in Fighting
 16788 | Lair:5   | Found a runed translucent door.
 16788 | Lair:5   | Noticed an azure jelly
 16789 | Lair:5   | Found a staircase to the Slime Pits.
 16789 | Lair:5   | Noticed an azure jelly
 17886 | Lair:5   | Killed a six-headed hydra
 18219 | Lair:3   | Killed Gastronok
 18220 | Lair:3   | Reached XP level 13. HP: 96/102 MP: 8/33
 18672 | Lair:3   | Identified the +12 flail "Killer Bee's Peril" {vorpal,
                  | *Corrode Str+2 Dex+3 Stlth+}
 18865 | Lair:6   | Entered Level 6 of the Lair of Beasts
 21967 | Lair:6   | HP: 5/111 [poisoned by a cane toad]
 22375 | Lair:6   | Learned a level 7 spell: Orb of Destruction
 22656 | Orc:1    | Entered Level 1 of the Orcish Mines
 22681 | Orc:1    | Reached skill level 13 in Conjurations
 23069 | Orc:2    | Entered Level 2 of the Orcish Mines
 23147 | Orc:2    | Found a frozen archway.
 23156 | Orc:2    | Reached XP level 14. HP: 118/118 MP: 26/35
 23868 | Orc:2    | Found a staircase to the Elven Halls.
 23903 | Orc:2    | Reached skill level 10 in Fire Magic
 23950 | Orc:2    | Noticed Maurice
 23957 | Orc:2    | Killed Maurice
 24375 | Orc:2    | Noticed an orc warlord
 24423 | Orc:2    | Killed an orc warlord
 24622 | Orc:2    | Noticed Nergalle
 24629 | Orc:2    | Killed Nergalle
 24777 | Orc:2    | Found Meniskas's Antique Weapon Boutique.
 24785 | Orc:2    | Found Pont's Jewellery Boutique.
 24837 | Orc:2    | Found Leamuq's General Store.
 24877 | Orc:2    | Found Viyduf's Antique Armour Boutique.
 25156 | Orc:2    | Bought a scroll of identify for 30 gold pieces
 25156 | Orc:2    | Bought a scroll of teleportation for 45 gold pieces
 25218 | D:10     | Entered Level 10 of the Dungeon
 25630 | D:10     | Reached skill level 14 in Conjurations
 27999 | D:12     | You fall into a shaft and drop 2 floors!
 28627 | D:13     | Identified the +12 plate armour of Modesty {Will+ Dex+4
                  | Stlth-}
 29039 | D:13     | Reached skill level 15 in Conjurations
 29496 | D:13     | Reached skill level 1 in Shields
 29932 | D:13     | Found a gate to the Vaults.
 30606 | D:14     | Reached XP level 15. HP: 117/119 MP: 32/36
 30688 | D:14     | Identified the +0 ring mail "Fuisil" {Dex+4 Stlth+}
 31558 | D:14     | Reached skill level 5 in Shields
 32069 | D:14     | Reached skill level 1 in Armour
 32371 | D:14     | Identified the +1 robe of the Dozen Thickets {Dex+3}
 32633 | D:13     | Identified a scroll of acquirement
 33004 | D:15     | Entered Level 15 of the Dungeon
 33038 | D:15     | Reached skill level 5 in Armour
 33534 | D:15     | Found a staircase to the Depths.
 34314 | D:13     | Acquired the ring of Vickott {Fly rC+ Int+4}
 34573 | Spider:1 | Entered Level 1 of the Spider Nest
 34968 | Spider:1 | Reached skill level 5 in Dodging
 35223 | Spider:1 | Learned a level 5 spell: Bolt of Magma
 35488 | Spider:1 | Reached skill level 1 in Staves
 35491 | Spider:1 | Noticed Azrael
 35502 | Spider:1 | Killed Azrael
 36239 | Spider:2 | Noticed Arachne
 36249 | Spider:2 | Killed Arachne
 36250 | Spider:2 | Reached skill level 5 in Staves
 36250 | Spider:2 | Reached XP level 16. HP: 45/132 MP: 3/37
 36573 | D:4      | Bought a potion of curing for 39 gold pieces
 36573 | D:4      | Bought a potion of magic for 104 gold pieces
 36573 | D:4      | Bought a potion of heal wounds for 65 gold pieces
 36834 | Spider:2 | Reached skill level 1 in Evocations
 37589 | Spider:2 | Reached skill level 5 in Evocations
 38525 | Spider:1 | Reached skill level 1 in Earth Magic
 39980 | Spider:3 | Reached skill level 10 in Fighting
 41030 | Spider:3 | Reached skill level 5 in Earth Magic
 41893 | Spider:4 | Entered Level 4 of the Spider Nest
 41911 | Spider:4 | HP: 5/135 [demonic crawler (7)]
 41911 | Spider:4 | Mangled by a wolf spider

Illustrated notes

Levels and vault maps discovered:
D:1:      onia_arrival_pyramid, layout_rooms, minmay_tetromino_i2
D:2:      layout_rooms, ebering_ecumenical_altar_rust, minmay_fountain_box,
          bh_walls_and_bars
D:3:      layout_basic, marbit_many_paths, tgw_kikubaaqudgha,
          yredelemnul_forgotten_temple_becter, minmay_misc_feat_enclosed
D:4:      layout_basic, serial_shops, nicolae_lakefront_shop,
          grunt_ministairs_8, chequers_serial_rivers_large_a, glass_columns_b,
          uniq_duvessa
D:5:      layout_cave_pods
D:6:      layout_basic, minmay_temple_entry_fiery, minmay_misc_feat_tiny,
          kennysheep_path_1
D:7:      layout_basic, mainiacjoe_overflow_surrounded_room
D:8:      layout_basic, kennysheep_mini, dpeg_lair_monsters,
          kennysheep_small_spiral, minmay_door_square, minmay_diced_spiral
D:9:      layout_rooms, nemelex_xobeh_ov_fountains_minmay, orc_0_dummy,
          nicolae_blasting_shop, kennysheep_flooded_box
D:10:     layout_basic, nicolae_overflow_hidden_temple,
          nicolae_uskayaw_dance_hall
D:11:     layout_roguey, evilmike_minifort
D:12:     layout_irregular_city
D:13:     minmay_recursive_quarters, layout_basic, ximxim_vaults_locker_room
D:14:     evilmike_diamond_1, layout_loops_ring, nicolae_sif_muna_condensation,
          worldfamousw_hep_ancestral_shrine
D:15:     hangedman_depths_entry_civil_slaughter, layout_irregular_city,
          lemuel_tele_altar, hangedman_decor_slide_cut
Lair:1:   layout_gridlike, grunt_megastairs_5
Lair:2:   layout_layer_cave, spider_nest_entry_funnel_web,
          gammafunk_ghost_necromancy, uniq_prince_ribbit2
Lair:3:   layout_roguey, elwin_shoals_entry_rooms, beast_lair_carwin_9,
          minmay_lair_oklob_chamber, infiniplex_staircase_pool,
          grunt_megastairs_2, uniq_gastronok
Lair:4:   layout_gridlike, serial_forest, infiniplex_forest_straight_3,
          infiniplex_forest_clump_medium, infiniplex_forest_clump_diagonal,
          infiniplex_forest_clump_medium, infiniplex_forest_3_way,
          infiniplex_forest_clump_C, nicolae_lair_yak_garden, grunt_megastairs_1
Lair:5:   layout_cave_pods, slime_altar_2, infiniplex_staircase_pool_2
Lair:6:   hangedman_lair_tendril_chambers, layout_cave_pods
Spider:1: layout_spider_delve, uniq_azrael
Spider:2: spiders_nest_a, nicolae_spider_orb_run, uniq_arachne
Spider:3: layout_spider_delve
Spider:4: floodkiller_spider_rune_tomb, uniq_louise
Orc:1:    layout_caves
Orc:2:    grunt_orc_cross, layout_caves, portal_ice_cave_entry_ice_simulacra,
          uniq_maurice

Skill      XL: |  1  2  3  4  5  6  7  8  9 10 11 12 13 14 15 16 |
---------------+-------------------------------------------------+-----
Conjurations   | 1 2 3 4 5 6 7 9 11 12 13 15 | 15.0
Fire Magic     | 3 4 5 6 8 9 11 12 | 12.0
Spellcasting   | 4 6 8 9 10 11 12 | 12.0
Air Magic      | 5 6 |  6.0
Fighting       | 6 9 10 | 10.4
Shields        | 2 6 |  6.0
Armour         | 6 |  6.0
Dodging        | 6 |  6.0
Staves         | 5 6 |  6.0
Evocations     | 6 |  6.0
Earth Magic    | 5 |  5.3
Stealth        | |  1.7

Action                   |  1- 3 |  4- 6 |  7- 9 | 10-12 | 13-15 | 16-18 || total
-------------------------+-------+-------+-------+-------+-------+-------++-------
Melee: Short sword       |       |     1 |     2 |       |    78 |       ||    81
       Dagger            |       |       |    16 |   132 |    79 |       ||   227
       Staff             |       |       |       |       |   141 |   209 ||   350
       Falchion          |       |       |       |       |    15 |       ||    15
Throw: Dart              |       |       |     4 |    12 |    50 |   139 ||   205
 Cast: Foxfire           |    65 |    61 |   223 |   249 |   425 |    13 ||  1036
       Conjure Flame     |       |     3 |    20 |    43 |    67 |     1 ||   134
       Sticky Flame      |       |       |    18 |    92 |   180 |    50 ||   340
       Mephitic Cloud    |       |       |     1 |     7 |    61 |    33 ||   102
       Fireball          |       |       |       |    39 |   159 |    31 ||   229
       Swiftness         |       |       |       |     3 |     8 |     2 ||    13
       Orb of Destructio |       |       |       |       |    18 |    15 ||    33
       Bolt of Magma     |       |       |       |       |    11 |    29 ||    40
Evoke: Wand              |       |       |       |     6 |     8 |     4 ||    18
       Tin of tremorston |       |       |       |       |     3 |       ||     3
       Condenser vane    |       |       |       |       |       |     1 ||     1
  Use: Scroll            |       |       |     9 |     4 |    11 |     2 ||    26
       Potion            |       |       |       |     3 |     5 |     2 ||    10
 Stab: Confused          |       |       |       |     3 |    17 |    12 ||    32
       Sleeping          |       |       |       |     2 |       |     1 ||     3
       Paralysed         |       |       |       |       |     8 |     3 ||    11
Armor: Robe              |     2 |     3 |    12 |     6 |       |       ||    23
       Steam dragon scal |       |       |       |    78 |   154 |       ||   232
       Leather armour    |       |       |       |       |    82 |   150 ||   232
Dodge: Dodged            |    10 |    11 |    47 |   162 |   419 |   254 ||   903
Block: Buckler           |       |       |       |       |    54 |    97 ||   151
       Rpst.: Falchion   |       |       |       |       |     4 |       ||     4
